 Dungeon Crawl Stone Soup version bcrawl-1.19.1 (webtiles) character file.

Game seed: 4859997357340326417

101 Revguard the Ducker (level 4, -3/36 HPs)
             Began as a Demonspawn Archaeologist on Nov 27, 2019.
             Slain by an orc
             ... wielding a +0 club
              (5 damage)
             ... on level 2 of the Dungeon.
             The game lasted 00:04:32 (1474 turns).

Revguard the Ducker (Demonspawn Archaeologist)      Turns: 1474, Time: 00:04:32

Health: -3/36      AC: 10    Str: 12    XL:     4   Next: 48%
Magic:  4/4        EV: 10    Int: 15    God:
Gold:   125        SH:  0    Dex: 12    Spells: 3/3 levels left

rFire    . . .     SeeInvis .   o - -1 mace
rCold    . . .     Gourm    .   (no shield)
rNeg     + . .     Faith    .   k - +1 scale mail
rPois    .         Spirit   .   c - +1 hat
rElec    .         Reflect  .   (no cloak)
rCorr    .         Harm     .   (no gloves)
MR       .....     Clarity  +   d - +1 pair of boots
Stlth    +.........             (no amulet)
HPRegen  1.12/turn              h - ring of positive energy
MPRegen  0.09/turn              (no ring)

@: studying Armour
A: antennae 1, clarity, powered by death 2, robust 1, MP-powered wands
a: no special abilities


You were on level 2 of the Dungeon.
You were not hungry.

You visited 1 branch of the dungeon, and saw 2 of its levels.

You collected 125 gold pieces.

Inventory:

Hand Weapons
 a - a +0 whip
 o - a -1 mace (weapon)
Armour
 b - a +1 robe
 c - a +1 hat (worn)
 d - a +1 pair of boots (worn)
 k - a +1 scale mail (worn)
Jewellery
 h - a ring of positive energy (left hand)
 p - an uncursed ring of protection from cold
Scrolls
 j - a scroll of amnesia
 n - a scroll of fog
 q - a scroll of enchant weapon {unknown}
Potions
 l - a potion of brilliance
Books
 e - a manual of Armour
Miscellaneous
 f - an ancient crate
Comestibles
 g - 6 rations {!d}
 i - 3 chunks of flesh


   Skills:
 + Level 1.7 Fighting
 + Level 2.0 Maces & Flails
 * Level 1.6 Armour
 + Level 3.6 Dodging
 - Level 3.0 Stealth
 * Level 1.1 Evocations


You had 3 spell levels left.
You didn't know any spells.
Your spell library contained the following spells:

 Spells                   Type           Power        Failure   Level  Hunger
 Sting                    Conj/Pois      #...         80%         1    ##.....
 Poisonous Vapours        Pois/Air       #.....       91%         2    ###....
 Ignite Poison            Fire/Tmut/Pois #.......     99%         3    ####...
 Olgreb's Toxic Radiance  Pois           #.......     100%        4    #####..
 Summon Scorpions         Summ/Pois      #.......     100%        4    #####..
 Venom Bolt               Conj/Pois      #.........   100%        5    ######.


Dungeon Overview and Level Annotations

Branches:
Dungeon (2/12)

Altars:
Okawaru


Innate Abilities, Weirdness & Mutations

You have a pair of small antennae on your head.
You regenerate health from kills.
You possess an exceptional clarity of mind.
You are robust. (+10% HP)
You expend magic power (3 MP) to strengthen your wands.


Message History

You kill the orc priest!
Your Maces & Flails skill increases to level 2!
Your Evocations skill increases to level 1!
The orc hits you with a +0 club.
* * * LOW HITPOINT WARNING * * *
The orc wizard hits you but does no damage.
The orc wizard closely misses you. The orc misses you.
You hit the orc wizard.
The orc wizard is moderately wounded.
The orc wizard points at you and mumbles some strange words.
The puff of frost hits you!
* * * LOW HITPOINT WARNING * * *
The orc wizard barely misses you. The orc hits you but does no damage.
Some of the chunks of flesh in your inventory have rotted away.
As you read the scroll labeled XIOBBINIANK, it crumbles to dust.
You feel as if something is helping you.
It was a scroll of remove curse.
The orc wizard hits you but does no damage. x2
The orc hits you with a +0 club.
You die...

............#
#.#########.# #.#
#.# ## ## ..# #.# ..
.## .## #.# #. ..
.### #.# #.#.#
...### #.# #K#.##
.....# #.# #ooo.##
.#.#.# #.#
#.@)..#### #..#.#
#.# #.........
..##.# ###.#
#.....#### ..##.#
#...# ##...## ..##.#
#.### ##.## #.##.##
#.######...# .#
.#....# #.#........#
#.#
#.#.#.###.#.####...#
#.# #...#.....#.#
##### #.#


You could see 2 orc wizards, an orc and a kobold.

Vanquished Creatures
  An orc priest (D:2)
  Terence (D:2)
  A worm (D:1)
  2 leopard geckos
  A ball python (D:1)
  4 bats (D:1)
  4 giant cockroaches (D:1)
  4 goblins (D:1)
  5 hobgoblins
  7 kobolds
  A quokka (D:1)
  3 frilled lizards
  A rat (D:1)
35 creatures vanquished.

Notes
Turn   | Place    | Note
-------+----------+-------------------------------------------
     0 | D:1      | Revguard the Demonspawn Archaeologist began the quest for
                  | the Orb.
     0 | D:1      | Reached XP level 1. HP: 15/15 MP: 1/1
   197 | D:1      | Gained mutation: You regenerate a little health from kills.
                  | [demonic ancestry]
   197 | D:1      | Reached XP level 2. HP: 20/21 MP: 2/2
   503 | D:1      | Reached skill level 1 in Maces & Flails
   726 | D:1      | Gained mutation: You regenerate health from kills. [demonic
                  | ancestry]
   726 | D:1      | Reached XP level 3. HP: 16/26 MP: 3/3
  1051 | D:1      | Gained mutation: Potions are less effective at restoring
                  | your health. [potion of mutation]
  1051 | D:1      | Gained mutation: You are agile. (Dex +2) [potion of
                  | mutation]
  1052 | D:1      | Lost mutation: You are agile. (Dex +2) [potion of mutation]
  1052 | D:1      | Lost mutation: Potions are less effective at restoring your
                  | health. [potion of mutation]
  1052 | D:1      | Gained mutation: You expend magic power (3 MP) to
                  | strengthen your wands. [potion of mutation]
  1052 | D:1      | Gained mutation: You are robust. (+10% HP) [potion of
                  | mutation]
  1052 | D:1      | Gained mutation: You possess an exceptional clarity of
                  | mind. [potion of mutation]
  1161 | D:2      | Noticed Terence
  1197 | D:2      | Killed Terence
  1197 | D:2      | Reached skill level 1 in Armour
  1274 | D:2      | Found an iron altar of Okawaru.
  1334 | D:2      | Gained mutation: You have a pair of small antennae on your
                  | head. [demonic ancestry]
  1334 | D:2      | Reached XP level 4. HP: 33/35 MP: 4/4
  1472 | D:2      | Reached skill level 1 in Evocations
  1473 | D:2      | HP: 1/36 [orc wizard/puff of frost (8)]
  1474 | D:2      | Slain by an orc

Skill      XL: |  1  2  3  4 |
---------------+-------------+-----
Dodging        | 3 |  3.6
Maces & Flails | 1 2 |  2.0
Armour         | 1 |  1.6
Evocations     | 1 |  1.1
Fighting       | |  1.7
Stealth        | |  3.0

Action                   |  1- 3 |  4- 6 || total
-------------------------+-------+-------++-------
Melee: Whip              |    95 |       ||    95
       Mace              |    81 |    29 ||   110
  Use: Potion            |     3 |       ||     3
       Scroll            |     7 |     1 ||     8
 Stab: Sleeping          |     4 |       ||     4
       Distracted        |     1 |       ||     1
  Eat: Chunk             |     2 |       ||     2
Armor: Robe              |    44 |       ||    44
       Scale mail        |    30 |    23 ||    53
Dodge: Dodged            |   165 |    22 ||   187
